 Dungeon Crawl Stone Soup version 0.18.1-48-g4cf74bf (webtiles) character file.

261 WarriorsX the Skirmisher (level 6, 0/51 HPs)
             Began as a Human Fighter on July 27, 2016.
             Was a Follower of Makhleb.
             Succumbed to a scorpion's poison
             ... on level 3 of the Dungeon.
             The game lasted 00:09:25 (3816 turns).

WarriorsX the Skirmisher (Human Fighter)            Turns: 3816, Time: 00:09:26

Health: 0/51       AC:  6    Str: 18    XL:     6   Next: 41%
Magic:  6/6        EV: 11    Int:  9    God:    Makhleb [*.....]
Gold:   120        SH:  0    Dex: 12    Spells: 0 memorised, 5 levels left

rFire  . . .     SeeInvis +     q - +0 whip (freeze)
rCold  . . .     Gourm    .     b - +0 scale mail
rNeg   . . .     Faith    .     (no shield)
rPois  .         Spirit   .     (no helmet)
rElec  .         Dismiss  .     (no cloak)
rCorr  .         Reflect  .     (no gloves)
SustAt .         Harm     .     (no boots)
MR     .....                    (no amulet)
Stlth  ..........               (no ring)
                                e - ring of see invisible

@: lethally poisoned (0 -> -22), fainting, not resistant to hostile
enchantments, extremely unstealthy
A: no striking features
a: Renounce Religion


You were on level 3 of the Dungeon.
You worshipped Makhleb.
Makhleb was aware of your devotion.
You were fainting.

You visited 1 branch of the dungeon, and saw 4 of its levels.

You collected 120 gold pieces.

Inventory:

Hand Weapons
 a - a +0 long sword
 o - a +0 vampiric dagger
 q - a +0 whip of freezing (weapon)
Armour
 b - a +0 scale mail (worn)
 c - a +0 shield
Jewellery
 e - a ring of see invisible (left hand)
 r - an uncursed ring of flight {unknown}
Scrolls
 g - a scroll of recharging {unknown}
 h - a scroll of teleportation {unknown}
 k - 3 scrolls of remove curse {unknown}
 l - 3 scrolls of identify {unknown}
 m - 2 scrolls of immolation {unknown}
 n - 2 scrolls of enchant weapon {unknown}
 p - a scroll of fear {unknown}
 s - a scroll of blinking {unknown}
Potions
 d - a potion of might
Books
 t - Sif Muna's Compendium of Transmutation
   (You found it on level 3 of the Dungeon)

   Spells                             Type                      Level
   a - Beastly Appendage              Transmutation                1
Comestibles
 f - a bread ration
 i - a slice of pizza
 j - a meat ration
 u - a beef jerky


   Skills:
 + Level 5.5 Fighting
 - Level 2.0 Long Blades
 + Level 0.8 Maces & Flails
 - Level 3.0 Armour
 + Level 3.2 Dodging
 + Level 0.2 Stealth
 - Level 3.0 Shields


You had 5 spell levels left.
You didn't know any spells.

Dungeon Overview and Level Annotations

Branches:
Dungeon (4/15)
 Temple: D:4-7

Altars:
Kikubaaqudgha
Makhleb
Nemelex Xobeh
Sif Muna
Vehumet


Message History

You feel sick. The scorpion stings you.
* * * LOW HITPOINT WARNING * * *
The adder skeleton barely misses you.
You climb upwards.
You feel sick.
There is a stone staircase leading down, spattered with blood here.
You barely miss the scorpion. The scorpion stings you.
* * * LOW HITPOINT WARNING * * *
You closely miss the scorpion.
You feel sick. The scorpion stings you.
* * * LOW HITPOINT WARNING * * *
You are lethally poisoned!
The scorpion poisons you!
You hit the scorpion but do no damage.
* * * LOW HITPOINT WARNING * * *
You feel sick. The scorpion completely misses you. The scorpion stings you.
* * * LOW HITPOINT WARNING * * *
You are more poisoned.
The scorpion poisons you!
You hit the scorpion. You freeze the scorpion.
The scorpion is lightly wounded.
You die...

######.#....#...#...
#...##.#.###........
##.#.##.#.# #########
#######.>.....#.# #......
#....##..#.####.# #......
#....)...#.# #.# ###......
#....##.##.# #.# #........
#....##.##s####.###.#......
##.##.....@..........##'###
######.##......................
#......)......##########.##.###
#......)#.....# #.##.###
#.......####### #..#.#..
#.......# ##.#.#.. #.......#
#.#.#.. ######### ######.#.'..
#......###..


You could see a scorpion.

Vanquished Creatures
  A hound (D:3)
  Jessica (D:3)
  5 gnolls
  6 adders
  2 oozes
  2 worms (D:2)
  5 dart slugs
  4 giant geckos
  3 orcs (D:3)
  2 ball pythons
  3 bats (D:2)
  A giant cockroach (D:3)
  10 goblins
  14 hobgoblins
  2 jackals (D:2)
  6 kobolds
  A quokka (D:3)
  7 rats
75 creatures vanquished.

Notes
Turn   | Place    | Note
--------------------------------------------------------------
     0 | D:1      | WarriorsX the Human Fighter began the quest for the Orb.
     0 | D:1      | Reached XP level 1. HP: 18/18 MP: 1/1
    83 | D:1      | Reached XP level 2. HP: 21/24 MP: 2/2
   548 | D:1      | Reached XP level 3. HP: 28/30 MP: 3/3
   714 | D:1      | Reached skill level 4 in Fighting
  1059 | D:2      | Reached skill level 1 in Dodging
  1163 | D:2      | Reached XP level 4. HP: 36/38 MP: 4/4
  1169 | D:2      | Found a burning altar of Makhleb.
  1194 | D:2      | Became a worshipper of Makhleb the Destroyer
  1629 | D:2      | Reached * piety under Makhleb
  1629 | D:2      | Reached skill level 5 in Fighting
  1629 | D:2      | Reached XP level 5. HP: 16/44 MP: 5/5
  2435 | D:3      | Noticed Jessica
  2451 | D:3      | Killed Jessica
  2618 | D:3      | Found an ancient bone altar of Kikubaaqudgha.
  2622 | D:3      | Found a deep blue altar of Sif Muna.
  2624 | D:3      | Found a radiant altar of Vehumet.
  2629 | D:3      | Reached XP level 6. HP: 20/51 MP: 6/6
  2635 | D:3      | HP: 1/51 [gnoll/spear (6)]
  2641 | D:3      | Identified Sif Muna's Compendium of Transmutation
  2929 | D:3      | Found a sparkling altar of Nemelex Xobeh.
  2967 | D:3      | HP: 2/51 [gnoll/club (3)]
  3815 | D:3      | HP: 2/51 [scorpion (2)]
  3816 | D:3      | Succumbed to a scorpion's poison

Skill      XL: |  1  2  3  4  5  6 |
---------------+-------------------+-----
Fighting       | 4 5 |  5.5
Dodging        | 1 2 3 |  3.2
Long Blades    | |  2.0
Maces & Flails | |  0.8
Armour         | |  3.0
Stealth        | |  0.2
Shields        | |  3.0

Action                   |  1- 3 |  4- 6 || total
-------------------------+-------+-------++-------
Melee: Long sword        |    68 |    93 ||   161
       Whip              |       |   160 ||   160
  Eat: Chunk             |     1 |     6 ||     7
Armor: Scale mail        |    36 |   102 ||   138
Dodge: Dodged            |    30 |   146 ||   176
